 Dungeon Crawl Stone Soup version 0.20-a0-1086-g4bd2f5b (webtiles) character file.

260 kuniqs the Covered (level 6, 0/39 HPs)
             Began as a Gargoyle Fighter on May 1, 2017.
             Slain by Monsterracer's ghost (1 damage)
             ... on level 3 of the Dungeon.
             The game lasted 00:05:21 (1910 turns).

kuniqs the Covered (Gargoyle Fighter)               Turns: 1910, Time: 00:05:22

Health: 0/39       AC: 14    Str: 25    XL:     6   Next: 17%
Magic:  6/6        EV: 11    Int:  8    God:
Gold:   116        SH:  0    Dex: 11    Spells: 5/5 levels left

rFire    . . .     SeeInvis .   t - +1 dagger (elec)
rCold    . . .     Gourm    .   (no shield)
rNeg     + . .     Faith    .   b - +0 scale mail
rPois    ∞         Spirit   .   o - +0 helmet
rElec    +         Reflect  .   (no cloak)
rCorr    .         Harm     .   j - +0 pair of gloves
MR       .....                  (no boots)
Stlth    ..........             (no amulet)
Regen    0.2/turn               (no ring)
MPRegen  0.1/turn               (no ring)

@: mighty
A: negative energy resistance 1, electricity resistance, unbreathing,
petrification resistance, rot immunity, AC +4
a: no special abilities


You were on level 3 of the Dungeon.
You were not hungry.

You visited 1 branch of the dungeon, and saw 3 of its levels.

You collected 116 gold pieces.

Inventory:

Hand Weapons
 a - a +0 long sword
 t - a +1 dagger of electrocution (weapon)
Armour
 b - a +0 scale mail (worn)
 j - a +0 pair of gloves (worn)
 o - a +0 helmet (worn)
Scrolls
 c - 2 scrolls of recharging {unknown}
 i - 3 scrolls of teleportation {unknown}
 m - 6 scrolls of identify {unknown}
 n - 2 scrolls of remove curse {unknown}
 p - a scroll of enchant armour {unknown}
 q - 2 scrolls of noise {unknown}
Potions
 g - a potion of might
 k - a potion of brilliance {unknown}
 r - a potion of curing {unknown}
 s - 2 potions of lignification {unknown}
Comestibles
 d - 2 bread rations
 e - a meat ration
 f - a fruit
 h - 3 chunks of flesh
 l - a royal jelly


   Skills:
 + Level 4.3 Fighting
 + Level 3.1 Long Blades
 + Level 4.8 Armour
 + Level 2.3 Dodging
   Level 3.2 Shields


You had 5 spell levels left.
You didn't know any spells.

Dungeon Overview and Level Annotations

Branches:
Dungeon (3/15)

Altars:
Vehumet

Annotations:
D:3 Monsterracer's ghost, amateur FoFi


Innate Abilities, Weirdness & Mutations

You are resistant to torment.
Your stone body is resilient. (AC +4)
You are immune to poison.
You resist negative energy. (rN+)
You are resistant to electric shocks. (rElec)
You can survive without breathing.
You are immune to petrification.
You are immune to rotting.


Message History

You are too injured to fight recklessly!
You are too injured to fight recklessly!
Your scale mail prevents you from hitting Monsterracer's ghost.
Monsterracer's ghost hits you.
You completely miss Monsterracer's ghost.
Monsterracer's ghost hits you!
* * * LOW HITPOINT WARNING * * *
Some of the chunks of flesh in your inventory have rotted away.
You feel very mighty all of a sudden. Monsterracer's ghost barely misses you.
You barely miss Monsterracer's ghost.
Monsterracer's ghost hits you but does no damage.
Your scale mail prevents you from hitting Monsterracer's ghost.
Monsterracer's ghost barely misses you.
You barely miss Monsterracer's ghost. Monsterracer's ghost hits you.
* * * LOW HITPOINT WARNING * * *
You barely miss Monsterracer's ghost.
Monsterracer's ghost hits you but does no damage.
You barely miss Monsterracer's ghost. Monsterracer's ghost hits you.
You die...

#...........#..)....#
#.#######
##.#########.#..†....#
#.# #.....#
#.#.##.#### #.#
#.....# #.#.# .%# #.#
#.....# #.#.# #.# #.#
#.....######.#.# ..
#.# #............#.#
#.# #.#
##......#######W### ..
#.#
.........[....#.@.#
#.# #.#
##.....####.#####÷# ..
#.# ######## #.#.....#
#.##.#
###########.#.######
..#.#
##<)........#......#
#.#.#
##################.#
#.#.# # #.# #...# #
#.# ##..# #.#####..#


You could see Monsterracer's ghost.

Vanquished Creatures
  A hound (D:3)
  A bullfrog skeleton (D:3)
  Jessica (D:3)
  5 adders
  7 gnolls
  An ooze (D:2)
  A dart slug (D:2)
  A worm (D:2)
  A leopard gecko (D:2)
  3 orcs (D:3)
  6 bats
  4 giant cockroaches
  2 goblins
  7 hobgoblins
  A ball python (D:2)
  4 frilled lizards (D:1)
  6 kobolds
  11 rats
63 creatures vanquished.

Notes
Turn   | Place    | Note
-------+----------+-------------------------------------------
     0 | D:1      | kuniqs the Gargoyle Fighter began the quest for the Orb.
     0 | D:1      | Reached XP level 1. HP: 14/14 MP: 1/1
   158 | D:1      | Reached XP level 2. HP: 19/19 MP: 2/2
   610 | D:2      | Reached XP level 3. HP: 23/23 MP: 3/3
   886 | D:2      | Reached skill level 1 in Dodging
  1040 | D:2      | Found a radiant altar of Vehumet.
  1051 | D:2      | Reached XP level 4. HP: 22/29 MP: 4/4
  1251 | D:3      | Noticed Jessica
  1300 | D:3      | Killed Jessica
  1300 | D:3      | Reached XP level 5. HP: 10/33 MP: 5/5
  1793 | D:3      | Reached XP level 6. HP: 38/38 MP: 6/6
  1878 | D:3      | Noticed Monsterracer's ghost (amateur FoFi)
  1908 | D:3      | HP: 1/39 [Monsterracer's ghost (3)]
  1910 | D:3      | Slain by Monsterracer's ghost

Vault maps used:
D:1:      lordsloth_arrival_two_stooges, minmay_lizard_pond
D:2:      vehumet_crystals
D:3:      gammafunk_temple_overflow_statue, first_bread, grunt_ministairs_7,
          uniq_jessica

Skill      XL: |  1  2  3  4  5 |
---------------+----------------+-----
Long Blades    | 2 3 |  3.1
Dodging        | 1 2 |  2.3
Armour         | 4 |  4.8
Fighting       | 4 |  4.3
Shields        | |  3.2

Action                   |  1- 3 |  4- 6 || total
-------------------------+-------+-------++-------
Melee: Long sword        |    92 |    78 ||   170
       Dagger            |       |    66 ||    66
  Use: Potion            |       |     1 ||     1
  Eat: Chunk             |     1 |     3 ||     4
Armor: Scale mail        |    63 |    77 ||   140
Dodge: Dodged            |    56 |    82 ||   138
       Rpst.: Long sword |    21 |    20 ||    41
